 Dungeon Crawl Stone Soup version 0.29-a0-397-g846e4a0bbc (webtiles) character file.

Game seed: 14027399182577808757

4155 Sweetruy1997 the Cleaver (level 10, -7/75 HPs)
             Began as a Palentonga Fighter on May 9, 2022.
             Was a Priest of Qazlal.
             Mangled by an orc warrior
             ... wielding a +2 vorpal war axe
              (12 damage)
             ... on level 9 of the Dungeon on May 11, 2022.
             The game lasted 00:26:02 (9393 turns).

Sweetruy1997 the Cleaver (Palentonga Fighter)       Turns: 9393, Time: 00:26:03

Health: -7/75      AC: 17    Str: 25    XL:     10   Next: 7%
Magic:  12/12      EV: 12    Int: 10    God:    Qazlal [***...]
Gold:   560        SH:  9    Dex: 13    Spells: 11/12 levels left

rFire   . . .      SeeInvis +   a - +0 war axe
rCold   . . .      Faith    .   c - +1 buckler
rNeg    . . .      Spirit   .   b - +0 scale mail
rPois   .          Reflect  .   r - +1 helmet
rElec   .          Harm     .   (no cloak)
rCorr   .          Rampage  .   f - +0 pair of gloves
Will    .....      Clarity  +   (no barding)
Stlth   ..........              (no amulet)
HPRegen 0.22/turn               l - +6 ring of strength
MPRegen 0.13/turn               v - +4 ring of evasion

@: curled up
A: large, rugged brown scales 3, see invisible, deformed body, roll 1, armoured
tail, reflexive curl, clarity, MP-powered wands
a: Rolling Charge, Renounce Religion, Upheaval, Elemental Force


You were on level 9 of the Dungeon.
You worshipped Qazlal.
Qazlal was most pleased with you.
You visited 2 branches of the dungeon, and saw 10 of its levels.

You collected 560 gold pieces.

Inventory:

Hand Weapons
 a - a +0 war axe (weapon)
Missiles
 j - 12 boomerangs
 y - 6 silver javelins
 C - 49 stones
 J - 3 javelins
Armour
 b - a +0 scale mail (worn)
 c - a +1 buckler (worn)
 f - a +0 pair of gloves (worn)
 r - a +1 helmet (worn)
Jewellery
 e - a ring of positive energy
 l - a +6 ring of strength (left hand)
 m - a +6 ring of intelligence
 v - a +4 ring of evasion (right hand)
 D - a +6 ring of dexterity
 K - an amulet of guardian spirit
Wands
 d - a wand of iceblast (3)
 u - a wand of paralysis (6)
 A - a wand of polymorph (6)
 B - a wand of flame (24)
Scrolls
 i - a scroll of fog
 k - 3 scrolls of teleportation
 w - a scroll of fear {unknown}
 x - 3 scrolls of amnesia
 E - a scroll of enchant weapon {unknown}
 G - a scroll of identify
 H - 3 scrolls of noise {unknown}
 I - a scroll of magic mapping {unknown}
Potions
 g - 5 potions of curing
 h - a potion of invisibility
 n - a potion of resistance
 o - a potion of berserk rage {unknown}
 p - 3 potions of attraction {unknown}
 q - 2 potions of flight {unknown}
 s - a potion of degeneration {unknown}
 t - 3 potions of magic
 z - a potion of haste {unknown}
 F - a potion of experience {unknown}


   Skills:
 - Level 4.0 Fighting
 + Level 13.2 Axes
 - Level 2.0 Throwing
 - Level 3.0 Armour
 - Level 1.0 Dodging
 - Level 1.0 Stealth
 - Level 3.0 Shields
 + Level 1.5 Spellcasting
 + Level 1.2 Earth Magic
 + Level 0.6 Evocations


You had 11 spell levels left.
You knew the following spells:

 Your Spells              Type           Power      Damage    Failure   Level
a - Sandblast             Erth           6%         2d5       50%         1

Your spell library contained the following spells:

 Spells                   Type           Power      Damage    Failure   Level
 Passwall                 Tmut/Erth      0%         N/A       75%         2
 Stone Arrow              Conj/Erth      2%         3d7       92%         3
 Ozocubu's Armour         Ice            0%         N/A       96%         3
 Summon Guardian Golem    Hex/Summ       0%         N/A       96%         3
 Orb of Destruction       Conj           0%         9d5       100%        7
 Ozocubu's Refrigeration  Ice            0%         4d5       100%        7
 Spellforged Servitor     Conj/Summ      0%         N/A       100%        7


Dungeon Overview and Level Annotations

Branches:
Dungeon (9/15)             Temple (1/1) D:4            Lair (0/6) D:8
    Orc (0/2) D:9

Altars:
Ashenzari
Cheibriados
Dithmenos
Elyvilon
Fedhas
Gozag
Kikubaaqudgha
Makhleb
Nemelex Xobeh
Okawaru
Qazlal
Ru
Sif Muna
Trog
Uskayaw
Vehumet
Wu Jian
Xom
Yredelemnul
Zin
The Shining One
Beogh


Innate Abilities, Weirdness & Mutations

You are completely covered in rugged brown scales. (AC +3, +7% HP)
You have supernaturally acute eyesight. (SInv)
Armour fits poorly on your strangely shaped body.
You can roll at nearby foes to attack.
You have a long armoured tail.
You curl defensively after being hit. (AC +7*)
You possess an exceptional clarity of mind.
You expend magic power (3 MP) to strengthen your wands.


Message History

Items here: ))))))))))))))) [[[[[[[[[[ †††††††.
You slash the orc!
You kill the orc!
Qazlal accepts your kill.
Items here: )))) [[ †††.
Items here: ))))))))))))))) [[[[[[[[[[ †††††††.
Things that are here:
a +4 spear; a +0 robe You start resting.
You hear a shout! x10
An orc warrior comes into view. It is wielding a +2 vorpal war axe.
An orc warrior is nearby!
An orc comes into view. It is wielding a +0 short sword.
Items here: ))))))))))))))) [[[[[[[[[[ ÷÷÷ ††††.
You closely miss the orc warrior. You tail-slap the orc warrior.
The orc warrior is lightly wounded.
The orc warrior hits you with a +2 vorpal war axe!
You slash the orc warrior!
Your tail-slap misses the orc warrior.
The orc warrior is heavily wounded.
The orc warrior hits you with a +2 vorpal war axe!
You hit the orc warrior but do no damage.
Your tail-slap misses the orc warrior.
The orc warrior is heavily wounded.
The orc warrior hits you with a +2 vorpal war axe!
* * * LOW HITPOINT WARNING * * *
x2 You closely miss the orc warrior.
The orc warrior is heavily wounded.
An orc comes into view. It is wielding a +0 short sword.
You block the orc warrior's attack.
Things that are here:
a +4 spear; a +0 robe You feel better.
You block the orc warrior's attack.
You barely miss the orc warrior.
The orc warrior is heavily wounded.
The orc warrior hits you with a +2 vorpal war axe!
* * * LOW HITPOINT WARNING * * *
x2 You closely miss the orc warrior.
The orc warrior is heavily wounded.
The orc warrior hits you with a +2 vorpal war axe!
You die...

#####'### # #.# #
###.# #...# ###.###
> ####.....# .o
#....###.# ..W
#.##.#...#######
.... # #.###...@ooo#
..oo8
#.....#####)##8'8###
####.## #..o......
#.# #.....#### #.#
####### #.. ##. .#
..


You could see an orc warrior and 2 orcs.

Vanquished Creatures
  Maggie (D:8)
  A shadow (D:8)
  A wyvern (D:8)
  Eustachio (D:4)
  A steam dragon (D:7)
  An acid dragon (D:9)
  Edmund (D:6)
  2 water moccasins
  4 orc warriors (D:9)
  A black bear (D:7)
  2 ice beasts
  A sky beast (D:7)
  An ogre (D:5)
  3 phantoms
  3 kobold brigands
  2 bullfrogs (D:7)
  2 necrophages
  2 scorpions (D:5)
  5 wights (D:9)
  A hound (D:5)
  3 orc priests
  4 jellies
  A gnoll shaman (D:5)
  7 iguanas
  7 orc wizards
  8 gnolls
  11 adders
  A shadow imp (D:6)
  2 ufetubi
  A worm (D:3)
  2 dart slugs
  43 orcs
  8 ball pythons
  6 endoplasms
  A giant cockroach (D:1)
  6 goblins
  3 hobgoblins
  6 jackals
  8 quokkas
  4 bats
  2 frilled lizards (D:2)
  27 kobolds
  2 rats
199 creatures vanquished.

Vanquished Creatures (others)
  A scorpion (D:3)
  2 gnolls (D:3)
  A worm (D:3)
  A dart slug (D:3)
  An orc (D:3)
  An endoplasm (D:3)
  A hobgoblin (D:3)
  A fungus (D:2)
  A plant (D:2)
10 creatures vanquished.

Grand Total: 209 creatures vanquished

Notes
Turn   | Place    | Note
-------+----------+-------------------------------------------
     0 | D:1      | Sweetruy1997 the Palentonga Fighter began the quest for the
                  | Orb.
     0 | D:1      | Reached XP level 1. HP: 19/19 MP: 1/1
   308 | D:1      | Reached XP level 2. HP: 25/25 MP: 2/2
  1166 | D:2      | Reached XP level 3. HP: 31/31 MP: 3/3
  1318 | D:2      | Reached skill level 3 in Axes
  1525 | D:2      | Reached XP level 4. HP: 35/37 MP: 4/4
  1811 | D:2      | Found a faded altar of an unknown god.
  2101 | D:3      | Noticed a necrophage
  2107 | D:3      | Killed a necrophage
  2108 | D:3      | Reached XP level 5. HP: 32/43 MP: 5/5
  2197 | D:3      | Found a white marble altar of Elyvilon.
  2243 | D:3      | Found a shimmering altar of Xom.
  2367 | D:3      | Upgraded the game from 0.29-a0-393-g47a863cc1b to
                  | 0.29-a0-397-g846e4a0bbc
  2429 | D:3      | Reached skill level 4 in Axes
  3022 | D:4      | Reached skill level 1 in Stealth
  3100 | D:4      | Reached XP level 6. HP: 11/51 MP: 6/6
  3110 | D:4      | HP: 2/51 [orc/+0 dagger (2)]
  3485 | D:4      | You fall into a shaft and drop 1 floor!
  3485 | D:5      | Entered Level 5 of the Dungeon
  3490 | D:5      | Reached skill level 5 in Axes
  3490 | D:5      | Reached skill level 1 in Dodging
  3857 | D:5      | Noticed Eustachio
  3882 | D:4      | Gained mutation: You curl defensively after being hit. (AC
                  | +7*) [Palentonga growth]
  3882 | D:4      | Reached XP level 7. HP: 53/57 MP: 7/7
  3911 | D:4      | Found a staircase to the Ecumenical Temple.
  3934 | Temple   | Entered the Ecumenical Temple
  3944 | Temple   | Became a worshipper of Qazlal Stormbringer
  4215 | D:4      | Reached skill level 6 in Axes
  4551 | D:4      | Killed Eustachio
  4552 | D:4      | Reached skill level 1 in Throwing
  4649 | D:5      | Reached skill level 7 in Axes
  5072 | D:5      | Reached XP level 8. HP: 64/64 MP: 8/8
  5258 | D:5      | Reached * piety under Qazlal
  5259 | D:5      | Reached skill level 8 in Axes
  5549 | D:6      | Reached skill level 9 in Axes
  5817 | D:6      | Noticed Edmund
  5836 | D:6      | Killed Edmund
  6263 | D:6      | Reached skill level 10 in Axes
  6266 | D:6      | Gained mutation: You tend to lose your temper in combat.
                  | [potion of mutation]
  6267 | D:6      | Lost mutation: You tend to lose your temper in combat.
                  | [potion of mutation]
  6267 | D:6      | Gained mutation: You are resistant to electric shocks.
                  | (rElec) [potion of mutation]
  6267 | D:6      | Gained mutation: Your body sometimes deteriorates upon
                  | taking damage. [potion of mutation]
  6267 | D:6      | Gained mutation: Your flesh is heat resistant. (rF+)
                  | [potion of mutation]
  6462 | D:7      | Reached XP level 9. HP: 62/69 MP: 9/9
  6506 | D:7      | Found a glowing golden altar of the Shining One.
  6931 | D:7      | Learned a level 1 spell: Sandblast
  6932 | D:7      | Reached ** piety under Qazlal
  6933 | D:7      | Reached skill level 11 in Axes
  7867 | D:8      | Found a staircase to the Lair.
  7917 | D:8      | Reached skill level 12 in Axes
  8241 | D:8      | Noticed Maggie
  8273 | D:8      | Killed Maggie
  8691 | D:9      | Found a blossoming altar of Fedhas.
  8776 | D:9      | Reached skill level 1 in Spellcasting
  9104 | D:9      | Lost mutation: You are resistant to electric shocks.
                  | (rElec) [potion of mutation]
  9104 | D:9      | Lost mutation: Your body sometimes deteriorates upon taking
                  | damage. [potion of mutation]
  9104 | D:9      | Lost mutation: Your flesh is heat resistant. (rF+) [potion
                  | of mutation]
  9104 | D:9      | Gained mutation: You expend magic power (3 MP) to
                  | strengthen your wands. [potion of mutation]
  9104 | D:9      | Gained mutation: You possess an exceptional clarity of
                  | mind. [potion of mutation]
  9140 | D:9      | Reached skill level 1 in Earth Magic
  9148 | D:9      | Reached *** piety under Qazlal
  9167 | D:9      | Found a staircase to the Orcish Mines.
  9184 | D:9      | Reached skill level 13 in Axes
  9184 | D:9      | Reached XP level 10. HP: 73/75 MP: 12/12
  9393 | D:9      | Mangled by an orc warrior

Illustrated notes

Levels and vault maps discovered:
D:1:      saegor_arrival_simple_b, layout_basic
D:2:      layout_basic, shapermc_ecumenical_altar_petra
D:3:      minmay_chambers_of_twos, layout_basic, xom_confusion_cloud,
          mainiacjoe_overflow_brackets, portal_sewer_entry_d
D:4:      layout_basic, minmay_temple_entry_statues_fountains,
          serial_park_tiny_1, hangedman_abyss_or_decor_stabs
D:5:      layout_loops_ring, uniq_eustachio
D:6:      layout_cave_pools, uniq_edmund
D:7:      layout_basic, lemuel_round_altar
D:8:      layout_basic, lair_entry_dummy, uniq_maggie
D:9:      layout_roguey [special_room_orc], mainiacjoe_overflow_tiny_flanked,
          david_orc_5, uniq_amaemon
Temple:   bh_familiar_temple

Skill      XL: |  1  2  3  4  5  6  7  8  9 |
---------------+----------------------------+-----
Axes           | 3 4 5 7 10 13 | 13.2
Armour         | 3 |  3.0
Shields        | 3 |  3.0
Stealth        | 1 |  1.0
Fighting       | 4 |  4.0
Dodging        | 1 |  1.0
Throwing       | 1 2 |  2.0
Spellcasting   | 1 |  1.5
Earth Magic    | 1 |  1.2
Evocations     | |  0.6

Action                   |  1- 3 |  4- 6 |  7- 9 | 10-12 || total
-------------------------+-------+-------+-------+-------++-------
Melee: War axe           |    81 |   141 |   310 |    37 ||   569
       Tailslap          |    11 |    20 |    49 |     5 ||    85
Throw: Boomerang         |       |    10 |    37 |       ||    47
       Javelin           |       |       |     1 |       ||     1
 Cast: Sandblast         |       |       |     3 |       ||     3
 Abil: Rolling Charge    |    22 |    14 |    43 |     1 ||    80
Evoke: Wand              |       |       |     2 |       ||     2
  Use: Scroll            |       |     4 |     8 |       ||    12
       Potion            |       |     1 |     5 |     1 ||     7
Armor: Scale mail        |    40 |    75 |    75 |     3 ||   193
Dodge: Dodged            |    25 |    51 |   118 |     7 ||   201
Block: Buckler           |    14 |    28 |    75 |     3 ||   120

Table legend: (Time is in decaauts)
 A = Elapsed time spent in this place.
 B = Non-inter-level travel time spent in this place.
 C = Inter-level travel time spent in this place.
 D = Time resting spent in this place.
 E = Time spent auto-exploring this place.
 F = Levels seen in this place.
 G = Mean time per level.
                   A        B        C        D        E       F      G
               +--------+--------+--------+--------+--------+-----+--------+
         Total |   9489 |   9122 |    367 |   1482 |   6157 |  10 |  948.9 |
       Dungeon |   9300 |   8957 |    343 |   1482 |   6001 |   9 | 1033.3 |
        Temple |    189 |    165 |     24 |      0 |    156 |   1 |  189.0 |
               +--------+--------+--------+--------+--------+-----+--------+

Top non-repeatable levels by time:
     D:5: 1266 daAuts
     D:7: 1207 daAuts
     D:1: 1186 daAuts
     D:3: 1163 daAuts
     D:4: 1098 daAuts
     D:8: 1081 daAuts
     D:6: 882 daAuts
     D:9: 711 daAuts
     D:2: 701 daAuts
  Temple: 189 daAuts
